 Dungeon Crawl Stone Soup version 0.28-a0-1435-g82390b3a13 (webtiles) character file.

Game seed: 5931457922108389465

0 gimp the Slasher (level 1, 0/18 HPs)
             Began as a Minotaur Gladiator on Jan 9, 2022.
             Slain by a dart slug (3 damage)
             ... on level 1 of the Dungeon.
             The game lasted 00:00:24 (24 turns).

gimp the Slasher (Minotaur Gladiator)                 Turns: 24, Time: 00:00:25

Health: 0/18       AC:  3    Str: 18    XL:     1   Next: 8%
Magic:  0/0        EV: 12    Int:  5    God:
Gold:   0          SH:  0    Dex: 11    Spells: 0/0 levels left

rFire   . . .      SeeInvis .   a - +0 long sword
rCold   . . .      Faith    .   (no shield)
rNeg    . . .      Spirit   .   b - +0 leather armour
rPois   .          Reflect  .   c - +0 hat
rElec   .          Harm     .   (no cloak)
rCorr   .          Rampage  .   (no gloves)
Will    .....                   (no boots)
Stlth   +.........              (no amulet)
HPRegen 0.06/turn               (no ring)
MPRegen 0.07/turn               (no ring)

@: no status effects
A: horns 2, retaliatory headbutt
a: no special abilities


You were on level 1 of the Dungeon.
You visited 1 branch of the dungeon, and saw 1 of its levels.

Inventory:

Hand Weapons
 a - a +0 long sword (weapon)
Missiles
 d - 3 throwing nets (quivered)
Armour
 b - a +0 leather armour (worn)
 c - a +0 hat (worn)


   Skills:
 + Level 2.4 Fighting
 * Level 3.6 Long Blades
 - Level 2.0 Throwing
 - Level 3.2 Dodging


You couldn't memorise any spells.
You didn't know any spells.
Your spell library was empty.

Dungeon Overview and Level Annotations

Branches:
Dungeon (1/15)

Altars:


Innate Abilities, Weirdness & Mutations

You have a pair of horns on your head.
You reflexively headbutt those who attack you in melee.


Message History

The dart slug launches a dart at you. The slug dart hits you.
The kobold throws a stone.
The stone hits you but does no damage. The kobold barely misses you.
You take 4 damage, and have 14/18 hp.
MASSIVE DAMAGE!!
You closely miss the kobold.
The kobold throws a stone.
The stone misses you. The kobold closely misses you.
You barely miss the kobold. The kobold hits you with a +0 dagger.
The dart slug launches a dart at you. The slug dart hits you.
You take 5 damage, and have 9/18 hp.
MASSIVE DAMAGE!!
You are too injured to fight recklessly!
You are too injured to fight recklessly!
You barely miss the kobold. The kobold completely misses you.
The dart slug bites you.
You take 1 damage, and have 8/18 hp.
You barely miss the dart slug. You headbutt the dart slug.
The dart slug is heavily wounded.
The kobold hits you but does no damage. The kobold hits you with a +0 dagger.
* * * LOW HITPOINT WARNING * * *
The kobold throws a stone.
The stone closely misses you.
The dart slug bites you but does no damage.
You take 3 damage, and have 5/18 hp.
There is an open door here.
The dart slug launches a dart at you. The slug dart hits you.
* * * LOW HITPOINT WARNING * * *
You take 2 damage, and have 3/18 hp.
You barely miss the kobold. The kobold closely misses you.
You closely miss the kobold. The kobold barely misses you.
You slash the kobold!
You kill the kobold!
The dart slug launches a dart at you. The slug dart misses you.
The dart slug bites you but does no damage.
Things that are here:
a +0 dagger; a kobold corpse You hit the dart slug.
The dart slug is heavily wounded.
The dart slug bites you.
You die...

##.......##
#.........#
+.........+
#.........#
#.......#
#.....# #.K.#
##w## #@#
###.###.########
#..............#
#.#.##...#.##..#
#..##......#
##.##'##...#
#.#...#......
#.+.<.+ #.###
###...# .#


You could see a dart slug and a kobold.

Vanquished Creatures
  A kobold (D:1)
1 creature vanquished.

Notes
Turn   | Place    | Note
-------+----------+-------------------------------------------
     0 | D:1      | gimp the Minotaur Gladiator began the quest for the Orb.
     0 | D:1      | Reached XP level 1. HP: 18/18 MP: 0/0
    24 | D:1      | Slain by a dart slug

Illustrated notes

Levels and vault maps discovered:
D:1:      dpeg_arrival_tiny_g, layout_loops_corners

Action                   || total
-------------------------++-------
Melee: Long sword        ||     8
       Headbutt          ||     1
Armor: Leather armour    ||     4
Dodge: Dodged            ||     8

Table legend: (Time is in decaauts)
 A = Elapsed time spent in this place.
 B = Non-inter-level travel time spent in this place.
 C = Inter-level travel time spent in this place.
 D = Time resting spent in this place.
 E = Time spent auto-exploring this place.
 F = Levels seen in this place.
 G = Mean time per level.
                   A        B        C        D        E       F      G
               +--------+--------+--------+--------+--------+-----+--------+
         Total |     25 |     25 |      0 |      0 |     10 |   1 |   25.0 |
       Dungeon |     25 |     25 |      0 |      0 |     10 |   1 |   25.0 |
               +--------+--------+--------+--------+--------+-----+--------+

Top non-repeatable levels by time:
     D:1: 25 daAuts
